 Dungeon Crawl Stone Soup version 0.16.2-12-gd0ad4c3 (webtiles) character file.

65 Ishikawa the Magician (level 3, -2/27 HPs)
             Began as a Mummy Wizard on Oct 27, 2015.
             Slain by a worm (11 damage)
             ... on level 2 of the Dungeon.
             The game lasted 00:05:00 (1288 turns).

Ishikawa the Magician (Mummy Wizard)                Turns: 1288, Time: 00:05:00

Health: -2/27      AC:  2    Str: 10    XL:     3   Next: 92%
Magic:  1/8        EV: 12    Int: 18    God:
Gold:   52         SH:  0    Dex: 10    Spells: 3 memorised, 2 levels left

rFire  x x .     SeeInvis .     l - +1 dagger (vamp)
rCold  + + +     Clarity  .     a - +0 robe
rNeg   + + +     SustAb   .     (no shield)
rPois  ∞         Gourm    .     b - +0 hat
rElec  .         Spirit   .     (no cloak)
rCorr  .         Warding  .     (no gloves)
rMut   .         Stasis   .     (no boots)
MR     .....                    (no amulet)
Stlth  ++........               h - ring of protection from cold
                                d - ring of ice

@: very slightly contaminated, not resistant to hostile enchantments, unstealthy
A: no food or potions, fire vulnerability, restore body, cold resistance 1,
negative energy resistance 3, poison resistance, torment resistance, unbreathing
a: no special abilities


You were on level 2 of the Dungeon.
You were not hungry.

You visited 1 branch of the dungeon, and saw 2 of its levels.

You collected 52 gold pieces.

Inventory:

Hand weapons
 f - a +0 short sword of speed
 l - a +1 vampiric dagger (weapon)
Armour
 a - a +0 robe (worn)
 b - a +0 hat (worn)
Jewellery
 d - a ring of ice (left hand)
 h - a ring of protection from cold (right hand)
Scrolls
 e - a scroll of teleportation {unknown}
 g - a scroll of immolation {unknown}
 i - 2 scrolls of remove curse {unknown}
 j - a scroll of fear {unknown}
 k - 3 scrolls of fog {unknown}
 m - a scroll of identify {unknown}
 n - a scroll of random uselessness {unknown}
Books
 c - a book of Minor Magic

   Spells                             Type                      Level
   a - Magic Dart                     Conjuration                  1
   b - Blink                          Translocation                2
   c - Call Imp                       Summoning                    2
   d - Repel Missiles                 Charms/Air                   2
   e - Slow                           Hexes                        2
   f - Conjure Flame                  Conjuration/Fire             3
   g - Mephitic Cloud                 Conjuration/Poison/Air       3


   Skills:
 + Level 1.9 Fighting
 - Level 1.5 Dodging
 - Level 1.5 Stealth
 + Level 3.4 Spellcasting
 + Level 2.0 Conjurations
 - Level 0.7 Summonings
   Level 0.7 Translocations


You had 2 spell levels left.
You knew the following spells:

 Your Spells              Type           Power        Failure   Level  Hunger
a - Magic Dart            Conj           ##..         10%         1    N/A
b - Call Imp              Summ           #.......     17%         2    N/A
c - Mephitic Cloud        Conj/Pois/Air  #.......     34%         3    N/A

Dungeon Overview and Level Annotations

Branches:
Dungeon (2/15)

Altars:
Vehumet


Innate Abilities, Weirdness & Mutations

You do not eat or drink.
Your flesh is vulnerable to fire.
Your flesh is cold resistant.
You are immune to negative energy.
Your system is resistant to poisons.
You are immune to unholy pain and torment.
You can survive without breathing.


Message History

Confirm with . or Enter, or press ? or * to list all spells.
Aiming: Magic Dart
Press: ? - help, Shift-Dir - straight line, f/p - worm
Aim: a worm (severely wounded)
You miscast Magic Dart.
You are very lightly contaminated with residual magic.
Nothing appears to happen.
Casting: Magic Dart
Confirm with . or Enter, or press ? or * to list all spells.
Aiming: Magic Dart
Press: ? - help, Shift-Dir - straight line, f/p - worm
Aim: a worm (severely wounded)
The magic dart hits the worm.
The worm is almost dead.
You barely miss the worm.
The worm is almost dead.
You hit the worm.
You feel better.
The worm is almost dead.
The worm bites you!
You die...

.......#...†..<..#.##........).#
.......#.........#.##..#######.##
.......#...#######.##............
.#.....'...# #.#..########.#.
.#.#####...# #.#).....†..#.#.
.......#..<# #####.#†######.##.#.
.#.###.#...#...(..........†....#.
.#.# #...# #####.#.######......
.#.. #...# #@..............##
.#..# ..... #w###.#...#.......
.#..# ...... #.#.w.#.#.#.......
.#..# #.## #.#.#.#.#.####.##.
..... #...#.#.#......##. . .
#.###.#.#########. #...#...#
#...... #.#.#####†#.##### #.#####
#.........#.# #.#


You could see a worm.

Vanquished Creatures
  Jessica (D:2)
  An adder (D:2)
  A giant gecko (D:2)
  A ball python (D:1)
  4 bats (D:1)
  3 giant cockroaches (D:1)
  A hobgoblin (D:1)
  6 jackals (D:2)
  3 kobolds (D:1)
  3 giant newts
  4 goblins
  A quokka (D:2)
  6 rats
35 creatures vanquished.

Vanquished Creatures (collateral kills)
  A worm (D:2)
  A hobgoblin (D:1)
2 creatures vanquished.

Grand Total: 37 creatures vanquished

Notes
Turn   | Place    | Note
--------------------------------------------------------------
     0 | D:1      | Ishikawa, the Mummy Wizard, began the quest for the Orb.
     0 | D:1      | Reached XP level 1. HP: 13/13 MP: 4/4
    59 | D:1      | Reached skill level 1 in Conjurations
   230 | D:1      | Reached skill level 1 in Fighting
   259 | D:1      | Reached XP level 2. HP: 16/21 MP: 0/6
   310 | D:1      | Learned a level 2 spell: Call Imp
   831 | D:2      | Found a radiant altar of Vehumet.
   905 | D:2      | Reached XP level 3. HP: 9/26 MP: 4/8
   910 | D:2      | Learned a level 3 spell: Mephitic Cloud
  1049 | D:2      | Noticed Jessica
  1075 | D:2      | Killed Jessica
  1288 | D:2      | Slain by a worm

Action                   || total
-------------------------++-------
Melee: Short sword       ||   104
       Unarmed           ||     1
       Dagger            ||    56
 Cast: Magic Dart        ||    35
       Call Imp          ||     5
       Mephitic Cloud    ||     2
